 Dungeon Crawl Stone Soup version 0.29-a0-520-gc852659d43 (webtiles) character file.

Game seed: 15351855472868651743

11649 ders the Thaumaturge (level 12, -8/70 HPs)
             Began as a Djinni Conjurer on May 31, 2022.
             Was a Believer of Ashenzari.
             Mangled by a seven-headed hydra (9 damage)
             ... on level 1 of the Lair of Beasts on June 1, 2022.
             The game lasted 00:18:09 (8823 turns).

ders the Thaumaturge (Djinni Conjurer)              Turns: 8823, Time: 00:18:10

Health: -8/70      AC:  6    Str:  8    XL:     12   Next: 10%
Gold:   567        EV: 11    Int: 20    God:    Ashenzari [**....] SH:  0 Dex: 12

rFire   + + +      SeeInvis +   I - +10 spear "Yfaoxt" {flame, rElec rF+++ rCorr Int-5}
rCold   . . .      Faith    .   (no shield)
rNeg    . . .      Spirit   .   h - +0 troll leather armour
rPois   ∞          Reflect  .   r - +0 helmet of Ashenzari's Dismay {Self, Fort} (curse)
rElec   +          Harm     .   f - scarf of Ashenzari's Gnosis {rC+ rF+, Self, Melee} (curse)
rCorr   +          Rampage  .   y - +0 pair of gloves "Share My Failure" {Fort, Self} (curse)
Will    +....                   (boots unavailable)
Stlth   +.........              l - amulet of the acrobat
HPRegen 1.01/turn               D - ring of resist corrosion
MPRegen 0.00/turn               n - ring "Niquukk" {MP+9 Str+2}

@: flying
A: sickness immunity, fire resistance 2, cold vulnerability 1, float, innate
caster, HP casting, extra vitality 1
a: Renounce Religion, Curse Item, Shatter the Chains


You were on level 1 of the Lair of Beasts.
You worshipped Ashenzari.
Ashenzari was pleased with you.
You visited 3 branches of the dungeon, and saw 13 of its levels.
You also visited: Sewer and Ossuary.

You collected 707 gold pieces.
You spent 140 gold pieces at shops.

Inventory:

Hand Weapons
 I - the +10 spear "Yfaoxt" (weapon) {flame, rElec rF+++ rCorr Int-5}
   (You found it on level 6 of the Dungeon)

   It burns those it strikes, dealing additional fire damage.
   Int:       It affects your intelligence (-5).
   rF:        It renders you almost immune to fire.
   rElec:     It insulates you from electricity.
   rCorr:     It protects you from acid and corrosion.
Armour
 a - a +0 robe
 f - the cursed scarf of Ashenzari's Gnosis (worn) {rC+ rF+, Self, Melee}
   (You found it on level 1 of the Dungeon)

   It has a curse which improves the following skills: Introspection: Fighting
   and Spellcasting.
   Melee Combat: Short Blades, Long Blades, Axes, Maces & Flails, Polearms,
   Staves and Unarmed Combat.
 h - a +0 troll leather armour (worn)
 o - a +0 kite shield
 r - the cursed +0 helmet of Ashenzari's Dismay (worn) {Self, Fort}
   (You took it off Robin on level 3 of the Dungeon)

   It has a curse which improves the following skills: Introspection: Fighting
   and Spellcasting.
   Fortitude: Armour and Shields.
 y - the cursed +0 pair of gloves "Share My Failure" (worn) {Fort, Self}
   (You found it on level 4 of the Dungeon)

   It has a curse which improves the following skills: Fortitude: Armour and
   Shields.
   Introspection: Fighting and Spellcasting.
 Q - +0 steam dragon scales
Jewellery
 c - a ring of willpower
 l - an amulet of the acrobat (around neck)
 n - the ring "Niquukk" (right hand) {MP+9 Str+2}
   (You found it on level 3 of the Dungeon)

   [ring of magical power]

   Str:       It affects your strength (+2).
   MP:        It affects your magic capacity (+9).
 D - a ring of resist corrosion (left hand)
 G - a ring of fire
 P - a +6 ring of strength
Wands
 x - a wand of charming (13)
 C - a wand of paralysis (3)
 N - a wand of acid (14)
 O - a wand of iceblast (6)
 S - a wand of polymorph (7)
 T - a wand of flame (9)
Scrolls
 g - 6 scrolls of fear
 i - 3 scrolls of blinking
 j - 5 scrolls of noise
 k - 2 scrolls of teleportation
 m - 2 scrolls of amnesia
 q - 4 scrolls of summoning
 t - 6 scrolls of immolation
 J - 5 scrolls of enchant weapon
 M - 2 scrolls of enchant armour
 R - 4 scrolls of poison
 U - a scroll of fog
Potions
 b - 4 potions of might
 d - 3 potions of cancellation
 e - 3 potions of attraction
 p - 2 potions of invisibility
 s - 2 potions of haste
 u - 2 potions of curing
 v - 6 potions of mutation
 w - 2 potions of brilliance
 z - 2 potions of magic
 A - 5 potions of heal wounds
 B - a potion of resistance
 E - a potion of ambrosia
 F - 3 potions of degeneration
 H - a potion of berserk rage
 K - a potion of lignification
 L - a potion of flight


   Skills:
 - Level 2.1 Dodging
 - Level 1.5 Stealth
 + Level 14.5(16.9) Spellcasting


You had 17 spell levels left.
You knew the following spells:

 Your Spells              Type           Power      Damage    Failure   Level
a - Magic Dart            Conj           100%       1d8       0%          1
b - Searing Ray           Conj           100%       2d8       0%          2
c - Dazzling Flash        Conj/Hex       100%       N/A       0%          3
d - Fulminant Prism       Conj/Hex       35%        3d18      1%          4
e - Iskenderun's Mystic   Conj/Tloc      71%        2d14      1%          4
f - Necrotize             Necr           100%       1d9       0%          1
g - Call Imp              Summ           71%        N/A       0%          2
h - Static Discharge      Conj/Air       71%        N/A       0%          2
i - Animate Armour        Summ/Erth      100%       N/A       1%          4
j - Corpse Rot            Necr/Pois/Air  71%        N/A       1%          4
Your spell library was empty.

Dungeon Overview and Level Annotations

Branches:
Dungeon (11/15)            Temple (1/1) D:7            Lair (1/6) D:11
    Orc (0/2) D:11          Sewer (visited)         Ossuary (visited)

Altars:
Ashenzari
Cheibriados
Dithmenos
Elyvilon
Gozag
Hepliaklqana
Kikubaaqudgha
Makhleb
Nemelex Xobeh
Okawaru
Ru
Sif Muna
Uskayaw
Vehumet
Wu Jian
Zin

Shops:
D:5 *   D:8 =

Annotations:
D:6 1 runed translucent door
D:7 3 runed translucent doors, DocClef's ghost, weakling GnDe


Innate Abilities, Weirdness & Mutations

You are immune to sickness and miasma.
You are immune to poison.
Your flesh is very heat resistant. (rF++)
You are vulnerable to cold. (rC-)
You float through the air rather than walking.
You learn spells naturally, not from books.
Your magical power is your life essence.
You have superior vitality. (+4 MHP)


Message History

A fulminant prism comes into view.
The blink frog blinks!
Your fulminant prism crackles loudly.
The seven-headed hydra barely misses you.
The seven-headed hydra bites you! x2; The seven-headed hydra misses you.
The seven-headed hydra barely misses you.
The seven-headed hydra completely misses you.
The seven-headed hydra closely misses you.
Your fulminant prism explodes!
The blast of energy engulfs the seven-headed hydra!!
The seven-headed hydra is moderately wounded.
Casting: Fulminant Prism (safe; 1% risk of failure)
Confirm with . or Enter, or press ? or * to list all spells.
You erupt in a blast of force!
The mystic blast hits the seven-headed hydra!
The seven-headed hydra is heavily wounded.
The mystic blast hits the blink frog!
The blink frog is heavily wounded.
The blink frog is knocked back by the mystic blast.
The seven-headed hydra bites you but does no damage.
The seven-headed hydra bites you. The seven-headed hydra bites you!
The seven-headed hydra bites you. x2; The seven-headed hydra bites you!
* * * LOW HITPOINT WARNING * * *
The seven-headed hydra bites you.
* * * LOW HITPOINT WARNING * * *
Casting: Iskenderun's Mystic Blast (safe; 1% risk of failure)
Confirm with . or Enter, or press ? or * to list all spells.
You erupt in a blast of force!
The mystic blast hits the seven-headed hydra!
The seven-headed hydra is severely wounded.
The mystic blast hits the blink frog!
The blink frog is almost dead.
The blink frog is knocked back by the mystic blast.
The blink frog slams into the rock wall!
You kill the blink frog!
* * * LOW HITPOINT WARNING * * *
The seven-headed hydra bites you.
* * * LOW HITPOINT WARNING * * *
The seven-headed hydra bites you!
You die...

**
#######.####P###P......
,
.......................,
......≈≈≈≈≈............
, )(...≈≈≈≈≈≈≈..........
,
####.≈≈≈≈≈≈≈≈.##....#*,
#≈≈≈≈≈≈≈≈≈≈.#...##
#.≈≈≈≈≈≈≈≈≈.#...P# *
##.≈..D≈†≈....?.# *
#.≈.@..≈.≈.#...# ,
##........##...# ,
##...#####*h..# ,#.####
,* ...# * ..., , .h.. ,
.... , , ,h.... , ,
....., , ^, ......,
####* ,, * * , *


You could see a seven-headed hydra.

Vanquished Creatures
  A two-headed ogre (D:11)
  Urug (D:10)
  An ugly thing (D:11)
  A tengu conjurer (D:10)
  2 polar bears (D:9)
  A troll (D:10)
  A hornet (D:9)
  3 blink frogs (Lair:1)
  Sigmund (D:3)
  14 yaks
  A hog (D:9)
  3 wyverns (D:9)
  2 steam dragons
  3 water moccasins
  An ice beast (D:7)
  3 orc warriors
  A sky beast (D:6)
  3 black bears
  3 centaurs
  5 wolves (Lair:1)
  A phantom (D:5)
  3 elf zombies (Ossuary)
  5 kobold brigands
  5 bullfrogs
  2 necrophages (D:5)
  6 scorpions
  8 wights
  17 killer bees
  10 howler monkeys
  An electric eel (Lair:1)
  5 hounds
  A jelly (D:2)
  5 orc priests
  A centaur zombie (Ossuary)
  A human zombie (Ossuary)
  5 orc wizards
  3 iguanas
  4 hound zombies (Ossuary)
  3 mummies (Ossuary)
  Robin (D:3)
  7 gnolls
  9 adders
  2 river rats (Sewer)
  A shadow imp (D:7)
  2 white imps
  3 ufetubi
  4 adder zombies (Ossuary)
  4 worms
  A dart slug (D:4)
  25 orcs
  14 ball pythons
  A bat (D:2)
  8 endoplasms
  8 giant cockroaches
  9 goblins
  8 hobgoblins
  3 jackals (D:2)
  7 quokkas
  2 frilled lizards
  2 gnoll zombies (Ossuary)
  3 goblin zombies (Ossuary)
  3 hobgoblin zombies (Ossuary)
  3 jackal zombies (Ossuary)
  11 kobolds
  4 kobold zombies (Ossuary)
  An orc zombie (Ossuary)
  4 quokka zombies (Ossuary)
  7 rats
  4 rat zombies (Ossuary)
298 creatures vanquished.

Vanquished Creatures (others)
  61 fulminant prisms
  4 fungi (D:11)
  9 plants
74 creatures vanquished.

Grand Total: 372 creatures vanquished

Notes
Turn   | Place    | Note
-------+----------+-------------------------------------------
     0 | D:1      | ders the Djinni Conjurer began the quest for the Orb.
     0 | D:1      | Reached XP level 1. HP: 15/15 MP: 0/0
   576 | D:1      | Reached XP level 2. HP: 19/21 MP: 0/0
   947 | D:2      | Reached XP level 3. HP: 24/25 MP: 0/0
   947 | D:2      | Learned a level 1 spell: Necrotize
   994 | D:2      | Reached skill level 4 in Spellcasting
  1019 | D:2      | Reached XP level 4. HP: 22/31 MP: 0/0
  1097 | D:2      | Reached XP level 5. HP: 32/35 MP: 0/0
  1097 | D:2      | Learned a level 2 spell: Call Imp
  1170 | D:2      | Found a faded altar of an unknown god.
  1458 | D:3      | You are sucked into a shaft and drop 1 floor!
  1487 | D:4      | Found a snail-covered altar of Cheibriados.
  1622 | D:3      | Identified the ring "Niquukk" {MP+9 Str+2}
  1671 | D:3      | Noticed Robin
  1682 | D:3      | Killed Robin
  1683 | D:3      | Reached skill level 5 in Spellcasting
  1778 | D:3      | Noticed Sigmund
  1800 | D:3      | Killed Sigmund
  1801 | D:3      | Reached XP level 6. HP: 16/40 MP: 0/0
  2231 | D:3      | Reached skill level 6 in Spellcasting
  2586 | D:4      | Reached XP level 7. HP: 35/45 MP: 0/0
  2586 | D:4      | Learned a level 2 spell: Static Discharge
  2941 | D:4      | Found a snail-covered altar of Cheibriados.
  3153 | D:5      | Entered Level 5 of the Dungeon
  3153 | D:5      | Found Banisarghi's General Store.
  3175 | D:5      | Bought a potion of heal wounds for 70 gold pieces
  3175 | D:5      | Bought a potion of heal wounds for 70 gold pieces
  3202 | D:5      | Reached skill level 7 in Spellcasting
  3207 | D:5      | Noticed a water moccasin
  3234 | D:5      | Killed a water moccasin
  3235 | D:5      | Reached XP level 8. HP: 47/50 MP: 0/0
  3357 | D:5      | Reached skill level 8 in Spellcasting
  3738 | D:6      | Identified the +10 spear "Yfaoxt" {flame, rElec rF+++ rCorr
                  | Int-5}
  3774 | D:6      | Reached XP level 9. HP: 33/55 MP: 0/0
  3774 | D:6      | Learned a level 4 spell: Animate Armour
  3786 | D:6      | Reached skill level 9 in Spellcasting
  3863 | D:6      | Found a glowing drain.
  3873 | Sewer    | Entered a sewer
  4175 | D:6      | Found a glowing silver altar of Zin.
  4295 | D:6      | Found a runed translucent door.
  4297 | D:6      | Found a runed translucent door.
  4336 | D:6      | Reached skill level 10 in Spellcasting
  4864 | D:7      | Found a staircase to the Ecumenical Temple.
  4878 | Temple   | Entered the Ecumenical Temple
  4913 | Temple   | Became a worshipper of Ashenzari the Shackled
  5314 | D:7      | Found a runed translucent gate.
  5314 | D:7      | Found a runed translucent gate.
  5314 | D:7      | Found a runed translucent gate.
  5329 | D:7      | Reached XP level 10. HP: 57/60 MP: 0/0
  5338 | D:7      | Noticed DocClef's ghost (weakling GnDe)
  5544 | D:7      | Reached skill level 11 in Spellcasting
  5848 | D:8      | Found a sand-covered staircase.
  5857 | Ossuary  | Entered an ossuary
  6547 | D:8      | Reached * piety under Ashenzari
  6581 | D:8      | Found Lietie's Jewellery Shoppe.
  7089 | D:9      | Reached skill level 12 in Spellcasting
  7151 | D:9      | Found a huge runed translucent gate.
  7152 | D:9      | Found a huge runed translucent gate.
  7152 | D:9      | Found a huge runed translucent gate.
  7152 | D:9      | Found a huge runed translucent gate.
  7289 | D:9      | Found a hide-covered altar of Uskayaw.
  7560 | D:9      | Reached XP level 11. HP: 55/65 MP: 0/0
  7560 | D:9      | Learned a level 4 spell: Corpse Rot
  7624 | D:9      | Reached skill level 13 in Spellcasting
  7858 | D:10     | Entered Level 10 of the Dungeon
  7870 | D:10     | Found a sparkling altar of Nemelex Xobeh.
  8107 | D:10     | Reached ** piety under Ashenzari
  8128 | D:10     | Noticed Urug
  8148 | D:10     | Killed Urug
  8537 | D:11     | Noticed a two-headed ogre
  8544 | D:11     | Killed a two-headed ogre
  8545 | D:11     | Reached skill level 14 in Spellcasting
  8567 | D:11     | Noticed a cyan ugly thing
  8576 | D:11     | Killed a cyan ugly thing
  8689 | D:11     | Found an iron altar of Okawaru.
  8713 | D:11     | Found a staircase to the Lair.
  8719 | D:11     | Reached XP level 12. HP: 50/70 MP: 0/0
  8723 | Lair:1   | Entered Level 1 of the Lair of Beasts
  8811 | Lair:1   | Noticed a seven-headed hydra
  8823 | Lair:1   | HP: 1/70 [seven-headed hydra (6)]
  8823 | Lair:1   | Mangled by a seven-headed hydra

Illustrated notes

Levels and vault maps discovered:
D:1:      minmay_arrival_radiant_lines, layout_loops_ring
D:2:      layout_rooms, ebering_ecumenical_altar_petrified
D:3:      layout_basic, uniq_sigmund, uniq_robin
D:4:      layout_loops_ring, kennysheep_slug_shrine, minivault_5,
          kennysheep_flooded_box
D:5:      layout_rooms, nicolae_stop_n_shop_2, st_stairs_1
D:6:      lemuel_insect_pit, layout_basic, mainiacjoe_overflow_paths,
          cheibrodos_sewer_entry_drain, minmay_misc_feat_tower,
          minmay_misc_feat_five
D:7:      layout_loops_ring, minmay_temple_entry_offerings,
          gammafunk_ghost_necromancy
D:8:      layout_basic, nicolae_ossuary_entry_ruins, serial_shops, shop_statue,
          nicolae_underground_beach
D:9:      lemuel_bear_cage, layout_basic, mainiacjoe_overflow_catwalk
D:10:     layout_rooms, nemelex_xobeh_ov_fountains_minmay, serial_bayou_pond_e,
          uniq_urug
D:11:     layout_irregular_city, grunt_lair_entry_orc_guard_hut,
          kennysheep_orc_monster_closet_entryway, okawaru_metal_pillars_3
Temple:   regret_index_temple_mists
Lair:1:   layout_long_grid, lemuel_fruit_fields, infiniplex_staircase_pool

Skill      XL: |  1  2  3  4  5  6  7  8  9 10 11 |
---------------+----------------------------------+-----
Spellcasting   | 4 5 6 7 8 10 12 14 | 14.5
Dodging        | |  2.1
Stealth        | |  1.5

Action                   |  1- 3 |  4- 6 |  7- 9 | 10-12 || total
-------------------------+-------+-------+-------+-------++-------
Melee: Spear             |       |       |     8 |     3 ||    11
 Cast: Magic Dart        |    33 |    47 |   123 |   112 ||   315
       Searing Ray       |    11 |    37 |    47 |    80 ||   175
       Fulminant Prism   |       |     4 |    13 |    44 ||    61
       Iskenderun's Myst |       |     1 |    20 |    59 ||    80
       Animate Armour    |       |       |     1 |       ||     1
       Call Imp          |       |       |       |     1 ||     1
       Static Discharge  |       |       |       |     1 ||     1
       Corpse Rot        |       |       |       |     3 ||     3
Invok: Curse Item        |       |       |       |     3 ||     3
  Use: Potion            |       |     1 |       |     1 ||     2
       Scroll            |       |       |     6 |     9 ||    15
Armor: Troll leather arm |     1 |     4 |     7 |    18 ||    30
Dodge: Dodged            |     3 |    10 |    18 |    83 ||   114

Table legend: (Time is in decaauts)
 A = Elapsed time spent in this place.
 B = Non-inter-level travel time spent in this place.
 C = Inter-level travel time spent in this place.
 D = Time resting spent in this place.
 E = Time spent auto-exploring this place.
 F = Levels seen in this place.
 G = Mean time per level.
                   A        B        C        D        E       F      G
               +--------+--------+--------+--------+--------+-----+--------+
         Total |   8820 |   8238 |    582 |    407 |   6229 |  15 |  588.0 |
       Dungeon |   7956 |   7394 |    562 |    322 |   5838 |  11 |  723.3 |
        Temple |     56 |     36 |     20 |      0 |     23 |   1 |   56.0 |
          Lair |     97 |     97 |      0 |     20 |     29 |   1 |   97.0 |
         Sewer |    290 |    290 |      0 |      8 |    156 |   1 |  290.0 |
       Ossuary |    419 |    419 |      0 |     57 |    183 |   1 |  419.0 |
               +--------+--------+--------+--------+--------+-----+--------+

Top non-repeatable levels by time:
     D:6: 913 daAuts
     D:3: 907 daAuts
     D:7: 897 daAuts
     D:1: 839 daAuts
     D:8: 815 daAuts
     D:9: 814 daAuts
     D:4: 795 daAuts
    D:10: 655 daAuts
     D:2: 608 daAuts
     D:5: 496 daAuts
 Ossuary: 419 daAuts
   Sewer: 290 daAuts
    D:11: 212 daAuts
  Lair:1: 97 daAuts
  Temple: 56 daAuts
